 Dungeon Crawl Stone Soup version 0.30-a0-862-g1aabd4f9c5 (webtiles) character file.

Game seed: 1073115691044188100

40 qeuew the Trooper (level 3, -3/33 HPs)
             Began as a Hill Orc Fighter on Mar 9, 2023.
             Slain by a white imp (5 damage)
             ... summoned by Natasha
             ... on level 2 of the Dungeon.
             The game lasted 00:01:20 (1191 turns).

qeuew the Trooper (Hill Orc Fighter)                Turns: 1191, Time: 00:01:21

Health: -3/33      AC:  0    Str: 20    XL:     3   Next: 50%
Magic:  3/3        EV: 17    Int:  8    God:
Gold:   41         SH:  0    Dex: 15    Spells: 2/2 levels left

rFire   . . .      SeeInvis .    a - melded +0 war axe
rCold   . . .      Faith    .    c - melded +0 buckler
rNeg    . . .      Spirit   .    b - melded +0 scale mail
rPois   .          Reflect  .    (helmet currently unavailable)
rElec   .          Rampage  .    (cloak currently unavailable)
rCorr   .                        (gloves currently unavailable)
Will    .....                    (boots currently unavailable)
Stlth   +                        (no amulet)
HPRegen 0.25/turn                (ring currently unavailable)
MPRegen 0.08/turn                (ring currently unavailable)

@: bat-form, flying, slowed, quick
A: fast, flying, no casting, tiny
a: no special abilities


You were on level 2 of the Dungeon.
You were a bat.
You visited 1 branch of the dungeon, and saw 2 of its levels.

You collected 41 gold pieces.

Inventory:

Hand Weapons
 a - a +0 war axe (melded)
Armour
 b - a +0 scale mail (melded)
 c - a +0 buckler (melded)
Scrolls
 e - 2 scrolls of teleportation
 f - a scroll of poison {unknown}
Potions
 d - 2 potions of might
 g - a potion of invisibility {unknown}
 i - a potion of attraction {unknown}
 j - a potion of lignification {unknown}


   Skills:
 + Level 4.0 Fighting
 * Level 3.6 Axes
 * Level 3.8 Armour
 + Level 3.6 Shields


You had 2 spell levels left.
You didn't know any spells.
Your spell library was empty.

Dungeon Overview and Level Annotations

Branches:
Dungeon (2/15)

Altars:

Annotations:
D:2 Natasha


Message History

Natasha is moderately wounded.
You hit the shadow imp. You slash the white imp! You miss the crimson imp.
The crimson imp grins evilly.
You block the crimson imp's attack. You block the shadow imp's attack.
Natasha claws you. The white imp hits you. The white imp freezes you.
The crimson imp blinks!
The shadow imp closely misses you.
You closely miss Natasha.
Natasha is moderately wounded.
You hit the shadow imp. You hit the white imp but do no damage.
Natasha claws you.
* * * LOW HITPOINT WARNING * * *
You block the white imp's attack. The shadow imp barely misses you.
Natasha zaps a wand.
You turn into a bat.
Your +0 war axe melds into your body.
Your +0 buckler melds into your body.
Your +0 scale mail melds into your body.
You hit Natasha but do no damage.
Natasha is moderately wounded.
The white imp shouts, "Decamp, thou artless weevil-witted varlet!"
The white imp hits you.
* * * LOW HITPOINT WARNING * * *
The white imp freezes you.
* * * LOW HITPOINT WARNING * * *
The crimson imp blinks!
The shadow imp misses you.
The crimson imp disappears in a puff of smoke!
The white imp closely misses you. The white imp gestures at you.
The puff of frost misses you.
The shadow imp disappears in a puff of smoke!
Natasha wildly gestures.
You feel troubled.
Natasha stares at you and mumbles some strange words.
You feel yourself slow down. Natasha closely misses you.
You hit Natasha.
Natasha is moderately wounded.
The white imp shouts, "Turn tail, thou churlish moon-mazed slime mould!"
Natasha misses you. The white imp hits you.
* * * LOW HITPOINT WARNING * * *
The white imp freezes you.
You die...

.###### .#
.########
.........
.........
######
.........
#....#
.........
#....#
.........
#....#
.........
#..b.#
.........
#.5h.#
.........(.
#....#
######## ...
#....#
.....#....#
.....#....####
#...........#
#.....?.....#
#...........#


You could see Natasha and a white imp (summoned).

Vanquished Creatures
  An adder (D:2)
  4 endoplasms
  2 giant cockroaches
  4 goblins (D:1)
  3 hobgoblins (D:1)
  2 kobolds
  3 quokkas
  A ball python (D:1)
  3 bats
  A frilled lizard (D:1)
  4 rats
28 creatures vanquished.

Vanquished Creatures (others)
  A fungus (D:1)
1 creature vanquished.

Grand Total: 29 creatures vanquished

Notes
Turn   | Place    | Note
-------+----------+-------------------------------------------
     0 | D:1      | qeuew the Hill Orc Fighter began the quest for the Orb.
     0 | D:1      | Reached XP level 1. HP: 19/19 MP: 1/1
    74 | D:1      | Reached XP level 2. HP: 27/27 MP: 2/2
   316 | D:1      | Found a faded altar of an unknown god.
   685 | D:1      | Reached XP level 3. HP: 20/33 MP: 3/3
  1025 | D:2      | Reached skill level 4 in Fighting
  1140 | D:2      | Noticed Natasha
  1191 | D:2      | Slain by a white imp

Illustrated notes

Levels and vault maps discovered:
D:1:      doesnt_arrival_eight_statues, layout_loops_cross,
          shapermc_ecumenical_altar_mp_ritualfount, dreamdust_princess_corridor
D:2:      layout_basic, serial_glass, glass_columns_c, glass_columns_a,
          uniq_natasha

Skill      XL: |  1  2  3 |
---------------+----------+-----
Axes           | 3 |  3.6
Fighting       | 4 |  4.0
Armour         | |  3.8
Shields        | |  3.6

Action                     || total
---------------------------++-------
  Melee: War axe           ||    71
         Unarmed           ||    27
    Use: Scroll            ||     4
         Potion            ||     1
 Armour: Scale mail        ||    31
  Dodge: Dodged            ||    53
  Block: Buckler           ||    17

Table legend: (Time is in decaauts)
 A = Elapsed time spent in this place.
 B = Non-inter-level travel time spent in this place.
 C = Inter-level travel time spent in this place.
 D = Time resting spent in this place.
 E = Time spent auto-exploring this place.
 F = Levels seen in this place.
 G = Mean time per level.
                   A        B        C        D        E       F      G
               +--------+--------+--------+--------+--------+-----+--------+
         Total |   1208 |   1157 |     51 |      0 |    930 |   2 |  604.0 |
       Dungeon |   1208 |   1157 |     51 |      0 |    930 |   2 |  604.0 |
               +--------+--------+--------+--------+--------+-----+--------+

Top non-repeatable levels by time:
     D:1: 807 daAuts
     D:2: 401 daAuts
